 Dungeon Crawl Stone Soup version 0.25-a0-443-gece2dee8bd (webtiles) character file.

Game seed: 9280422850763301194, levelgen mode: deterministic

3089 Elellon the Thaumaturge (level 9, -1/49 HPs)
             Began as a Deep Elf Conjurer on Jan 29, 2020.
             Was a Priest of Vehumet.
             Slain by a warg (16 damage)
             ... on level 7 of the Dungeon.
             The game lasted 00:18:13 (9035 turns).

Elellon the Thaumaturge (Deep Elf Conjurer)         Turns: 9035, Time: 00:18:13

Health: -1/49      AC:  6    Str:  7    XL:     9   Next: 59%
Magic:  17/25      EV: 18    Int: 22    God:    Vehumet [***...]
Gold:   456        SH:  0    Dex: 15    Spells: 17/28 levels left

rFire    . . .     SeeInvis .   l - staff of air
rCold    + . .     Gourm    .   (no shield)
rNeg     + . .     Faith    .   w - +1 robe of Irhonu {rElec rC+ rN+ Slay+3}
rPois    +         Spirit   .   k - +0 helmet
rElec    +         Reflect  .   o - +0 cloak
rCorr    .         Harm     .   (no gloves)
MR       .....                  x - +0 pair of boots
Stlth    ++........             (no amulet)
HPRegen  0.16/turn              q - ring of poison resistance
MPRegen  0.19/turn              s - +3 ring of evasion

@: no status effects
A: no striking features
a: Renounce Religion


You were on level 7 of the Dungeon.
You worshipped Vehumet.
Vehumet was most pleased with you.
You were not hungry.

You visited 2 branches of the dungeon, and saw 9 of its levels.

You collected 456 gold pieces.

Inventory:

Armour
 k - a +0 helmet (worn)
 o - a +0 cloak (worn)
 w - the +1 robe of Irhonu (worn) {rElec rC+ rN+ Slay+3}
   (You found it on level 5 of the Dungeon)

   It affects your accuracy and damage with ranged weapons and melee attacks
   (+3).
   It protects you from cold.
   It insulates you from electricity.
   It protects you from negative energy.
   If you remove this armour, your AC will fall 3 points (6 -> 3)
 x - a +0 pair of boots (worn)
Magical Staves
 l - an uncursed staff of air (weapon)
Jewellery
 n - an uncursed ring of resist corrosion
 q - a ring of poison resistance (left hand)
 s - a +3 ring of evasion (right hand)
 v - an uncursed ring of protection from fire
Scrolls
 d - a scroll of enchant weapon
 e - 4 scrolls of remove curse
 f - 4 scrolls of identify
 i - a scroll of teleportation
 m - 2 scrolls of immolation
 r - a scroll of magic mapping
Potions
 b - 4 potions of lignification {unknown}
 g - a potion of agility {unknown}
 h - a potion of degeneration {unknown}
 j - a potion of resistance {unknown}
 t - a potion of cancellation {unknown}
 u - a potion of invisibility {unknown}
 z - 2 potions of curing {unknown}
 A - a potion of heal wounds {unknown}
Comestibles
 c - 15 rations


   Skills:
 + Level 2.9 Fighting
 + Level 5.2 Dodging
 - Level 2.4 Stealth
 + Level 10.4 Spellcasting
 + Level 9.5 Conjurations
 * Level 6.0 Fire Magic


You had 17 spell levels left.
You knew the following spells:

 Your Spells              Type           Power        Failure   Level  Hunger
a - Magic Dart            Conj           ####         1%          1    None
b - Searing Ray           Conj           ######       1%          2    None
c - Foxfire               Conj/Fire      ####         1%          1    None
d - Iskenderun's Mystic   Conj/Tloc      ####....     2%          4    #......
e - Inner Flame           Hex/Fire       ###.....     1%          3    None

Your spell library contained the following spells:

 Spells                   Type           Power        Failure   Level  Hunger
 Dazzling Flash           Conj/Hex       ####..       1%          3    None
 Fulminant Prism          Conj/Hex       ####......   2%          4    #......


Dungeon Overview and Level Annotations

Branches:
Dungeon (8/15)             Temple (1/1) D:4            Lair (0/6) D:8

Altars:
Ashenzari
Dithmenos
Elyvilon
Fedhas
Kikubaaqudgha
Okawaru
Trog
Uskayaw
Vehumet
Wu Jian
Xom

Annotations:
D:5 1 runed translucent door, xeno23's ghost, novice BaIE


Message History

* * * LOW HITPOINT WARNING * * *
There is a stone staircase leading up here.
The warg closely misses you.
The orc wizard gestures wildly while chanting.
The orc wizard blinks!
You climb upwards.
There is a stone staircase leading down here.
Casting: Searing Ray (safe; 1% risk of failure)
Confirm with . or Enter, or press ? or * to list all spells.
Aiming: Searing Ray (safe; 1% risk of failure)
Press: ? - help, Shift-Dir - straight line, f - warg
Aim: a warg (lightly wounded)
The searing ray hits the warg!
The warg is moderately wounded. (Press . to maintain the ray.)
The warg barely misses you.
The searing ray hits the warg.
The warg is moderately wounded.
The warg bites you!
You die...

.## ##.....)..## ##)...##....##
..#####........## ##..###....##
....#..........# ##...........
##......###....## ##............
###.######.....####...###.......
#>.###........##...## #..##...
#..##....###......## #.<#####
#..#...#####.....## #..# # #
##....### #.h@...## #..#
###....## #.......# ##..#
....#...# ##...##..####...#
..####..## #...##.....##...# ..##
##..####...#...........# #..#
#...##...#.<..........##### #..##
##...#................##...
##..####.........................
#..##...^......................#


You could see a warg.

Vanquished Creatures
  Prince Ribbit (D:7)
  A hippogriff (D:7)
  A warg (D:8)
  An orc warrior (D:4)
  A sky beast (D:6)
  An ice beast (D:7)
  A phantom (D:6)
  3 ogres
  4 bullfrogs
  3 scorpions
  2 howler monkeys
  5 wights (D:7)
  3 crimson imps
  3 hounds
  Crazy Yiuf (D:7)
  3 iguanas
  5 orc priests
  2 centaur skeletons (D:4)
  10 orc wizards
  7 worker ants
  A hound zombie (D:6)
  3 worker ant zombies
  4 gnolls (D:4)
  3 howler monkey skeletons
  7 adders
  2 shadow imps
  2 oozes
  An adder skeleton (D:5)
  An adder zombie (D:5)
  6 worms
  2 dart slugs
  6 leopard geckos
  27 orcs
  4 bats
  10 giant cockroaches
  7 hobgoblins
  6 jackals
  8 quokkas
  2 ball pythons
  7 frilled lizards
  10 goblins
  6 kobolds
  A leopard gecko zombie (D:5)
  2 quokka skeletons
  A quokka zombie (D:7)
  7 rats
194 creatures vanquished.

Notes
Turn   | Place    | Note
-------+----------+-------------------------------------------
     0 | D:1      | Elellon the Deep Elf Conjurer began the quest for the Orb.
     0 | D:1      | Reached XP level 1. HP: 10/10 MP: 6/6
   130 | D:1      | Reached XP level 2. HP: 15/15 MP: 3/8
   177 | D:1      | Learned a level 2 spell: Searing Ray
   584 | D:1      | Reached skill level 4 in Spellcasting
   866 | D:1      | Reached skill level 5 in Conjurations
   866 | D:1      | Reached XP level 3. HP: 19/19 MP: 6/10
  1231 | D:2      | Found a shadowy altar of Dithmenos.
  1999 | D:2      | Reached XP level 4. HP: 24/24 MP: 7/12
  2406 | D:3      | Reached skill level 5 in Spellcasting
  2947 | D:3      | Reached XP level 5. HP: 19/28 MP: 10/15
  3020 | D:3      | Found a bloodstained altar of Trog.
  3484 | D:4      | Reached skill level 6 in Spellcasting
  3526 | D:4      | Found a staircase to the Ecumenical Temple.
  3540 | Temple   | Entered the Ecumenical Temple
  3617 | Temple   | Became a worshipper of Vehumet
  3646 | D:4      | Reached XP level 6. HP: 32/32 MP: 14/17
  3817 | D:4      | Reached skill level 7 in Spellcasting
  4042 | D:4      | Found a hide-covered altar of Uskayaw.
  4093 | D:4      | Reached XP level 7. HP: 36/36 MP: 15/20
  4239 | D:4      | Reached * piety under Vehumet
  4239 | D:4      | Offered knowledge of Foxfire by Vehumet.
  4242 | D:4      | Learned a level 1 spell: Foxfire
  4318 | D:4      | Learned a level 4 spell: Iskenderun's Mystic Blast
  4664 | D:4      | Reached skill level 8 in Spellcasting
  5066 | D:5      | Entered Level 5 of the Dungeon
  5340 | D:5      | Got a tattered robe
  5350 | D:5      | Identified the +1 robe of Irhonu {rElec rC+ rN+ Slay+3}
                  | (You found it on level 5 of the Dungeon)
  5365 | D:5      | Found a runed translucent door.
  5366 | D:5      | Noticed a yak
  5366 | D:5      | Noticed xeno23's ghost (novice BaIE)
  5428 | D:5      | Reached skill level 9 in Spellcasting
  5429 | D:5      | Reached XP level 8. HP: 41/41 MP: 16/23
  5892 | D:6      | Reached skill level 1 in Fire Magic
  6057 | D:6      | Reached ** piety under Vehumet
  6057 | D:6      | Offered knowledge of Freeze by Vehumet.
  6182 | D:6      | Reached skill level 1 in Fighting
  6257 | D:6      | Upgraded the game from 0.25-a0-435-g4b9beb1024 to
                  | 0.25-a0-443-gece2dee8bd
  7310 | D:7      | Noticed a hippogriff
  7319 | D:7      | Killed a hippogriff
  7375 | D:7      | Reached XP level 9. HP: 48/48 MP: 19/24
  7470 | D:7      | Reached skill level 10 in Spellcasting
  7562 | D:7      | Found an ornate altar of the Wu Jian Council.
  7686 | D:7      | Offered knowledge of Inner Flame by Vehumet.
  7691 | D:7      | Learned a level 3 spell: Inner Flame
  8005 | D:7      | Reached skill level 5 in Fire Magic
  8090 | D:7      | Noticed Prince Ribbit
  8097 | D:7      | Killed Prince Ribbit
  8270 | D:7      | Reached skill level 5 in Dodging
  8450 | D:7      | Found a runed translucent door.
  8451 | D:7      | Noticed Crazy Yiuf
  8456 | D:7      | Killed Crazy Yiuf
  8745 | D:7      | Found a white marble altar of Elyvilon.
  9020 | D:8      | Found a staircase to the Lair.
  9030 | D:8      | Reached *** piety under Vehumet
  9035 | D:7      | Slain by a warg

Levels and vault maps discovered:
D:1:      lemuel_arrival_room, layout_basic
D:2:      layout_basic, nicolae_dithmenos_through_a_glass_darkly, first_ration,
          minmay_quadrilaterals
D:3:      layout_basic, marbit_many_paths
D:4:      layout_basic, eat_drink_and_be_merry_uskayaw,
          minmay_temple_entry_arrows, gup_sewer_entry_pipe,
          minmay_misc_feat_roman
D:5:      layout_basic, ebering_ghost_inner_flame, minmay_checkerbox
D:6:      layout_basic, nicolae_zen_rock_garden,
          corexii_item_surrounded_by_moat, hangedman_decor_clover_reticule
D:7:      layout_layer_cave, old_standard_altar, elyvilon_altar_1,
          minmay_misc_feat_enclosed, uniq_crazy_yiuf_cottage,
          uniq_prince_ribbit1
D:8:      cheibrodos_helix_gallery, layout_rooms, kennysheep_little_box,
          gammafunk_temple_overflow_statue, erik_lair_orcish_takeover,
          david_nohive_1, minmay_hedge_maze
Temple:   minmay_temple_forest_path

Skill      XL: |  1  2  3  4  5  6  7  8  9 |
---------------+----------------------------+-----
Spellcasting   | 4 5 6 7 9 10 | 10.4
Conjurations   | 5 6 7 8 9 |  9.5
Fire Magic     | 4 6 |  6.0
Dodging        | 4 5 |  5.2
Fighting       | 2 |  2.9
Stealth        | |  2.4

Action                   |  1- 3 |  4- 6 |  7- 9 || total
-------------------------+-------+-------+-------++-------
 Cast: Magic Dart        |    85 |    57 |   184 ||   326
       Searing Ray       |     5 |    28 |    63 ||    96
       Inner Flame       |       |       |     1 ||     1
  Use: Scroll            |       |     3 |     8 ||    11
  Eat: Chunk             |     3 |     6 |    13 ||    22
       Ration            |       |       |     1 ||     1
Armor: Robe              |     5 |     3 |     5 ||    13
Dodge: Dodged            |     6 |    16 |    31 ||    53

Table legend:
 A = Non-vault XP
 B = Vault XP
 C = Vault XP percentage of total XP
 D = Non-vault monster count
 E = Vault monster count
 F = Vault count percentage of total count
                 A         B        C        D         E       F
            +---------+---------+-------+---------+---------+-------
      Total |    3886 |     528 |  12.0 |     174 |      20 |  10.3
            +---------+---------+-------+---------+---------+-------
        D:1 |      41 |       0 |   0.0 |      19 |       0 |   0.0
        D:2 |      51 |      14 |  21.5 |      24 |       7 |  22.6
        D:3 |     165 |       1 |   0.6 |      23 |       1 |   4.2
        D:4 |     878 |      11 |   1.2 |      35 |       5 |  12.5
        D:5 |     446 |      16 |   3.5 |      18 |       3 |  14.3
        D:6 |     808 |       0 |   0.0 |      26 |       0 |   0.0
        D:7 |    1328 |     317 |  19.3 |      23 |       2 |   8.0
        D:8 |     169 |     169 |  50.0 |       6 |       2 |  25.0
            +---------+---------+-------+---------+---------+-------
